[Event "Team 45 45 League T35"]
[Site "Internet Chess Club"]
[Date "2007.11.04"]
[Round "3"]
[White "Lionskins"]
[Black "tryanything"]
[Result "0-1"]
[WhiteElo "1523"]
[BlackElo "1659"]
[Opening "Polish (Sokolsky) opening"]
[ECO "A00"]
[Time "17:00:30"]
[TimeControl "2700+45"]

1. b4 e5 2. Bb2 d6 3. c4 g6 4. e3 Bg7 5. h3 Ne7 6. Nc3 O-O 7. g4 Be6 8. Nf3 h6
9. Qc2 Nd7 10. Bd3 c5 11. b5 Nb6 12. Ne4 Nxc4 13. Bxc4 d5 14. Nxc5 dxc4 15. Nxe6
fxe6 16. Qxc4 Rxf3 17. Qxe6+ Kh8 18. Bxe5 Bxe5 19. Qxe5+ Kh7 20. Rd1 Qf8 21. Rh2
Qf7 22. Ke2 Rf8 23. Qe4 Rxf2+ 24. Rxf2 Qxf2+ 25. Kd3 Rd8+ 26. Kc2 Qf7 27. Kb1
Rd7 28. h4 Qd5 29. Qa4 a6 30. e4 Qd3+ 31. Ka1 axb5 32. Qb4 Nc6 33. Qb3 Qxe4 34.
Rf1 Qd4+ 35. Kb1 Kg7 36. Qc3 Qxc3 37. dxc3 b4 38. cxb4 Nxb4 39. Rf4 Nd5 40. Rf3
Rf7 41. Rg3 g5 42. hxg5 hxg5 43. Kb2 Kf6 44. Kb3 Nf4 45. a4 Rd7 46. Rf3 Rd3+ 47.
Rxd3 Nxd3 48. Kc3 Nc5 49. a5 Ke6 50. Kc4 Kd6 51. Kb5 Nb3 {White resigns} 0-1

[Event "Team 45 45 League T35"]
[Site "Internet Chess Club"]
[Date "2007.11.03"]
[Round "3"]
[White "nathesh"]
[Black "Visin"]
[Result "1-0"]
[WhiteElo "1446"]
[BlackElo "1352"]
[Opening "Two knights defense"]
[ECO "C58"]
[Time "15:01:47"]
[TimeControl "2700+45"]

1. e4 e5 2. Nf3 Nc6 3. Bc4 Nf6 4. Ng5 d5 5. exd5 Na5 6. Bb5+ c6 7. dxc6 bxc6 8.
Ba4 Nd5 9. d4 exd4 10. a3 Be7 11. Nf3 Bd7 12. Nxd4 c5 13. Nb5 Bc6 14. O-O O-O
15. Bd2 a6 16. N5c3 Bxa4 17. Nxa4 Nc4 18. Qf3 Nxd2 19. Nxd2 Nf6 20. Rfe1 Re8 21.
Rad1 Qa5 22. Rxe7 Qxa4 23. Rxe8+ Rxe8 24. Nb3 c4 25. Nd4 Qa5 26. Qc3 Qxc3 27.
bxc3 Ne4 28. Re1 Kf8 29. Nf5 g6 30. Ne3 Nxc3 31. f4 Nd5 32. Kf2 Nxf4 33. Kf3 Nd5
34. g4 a5 35. g5 Re7 36. Kf2 Nxe3 37. Rxe3 Rd7 38. Re4 Rd2+ 39. Re2 Rxe2+ 40.
Kxe2 Ke7 41. Ke3 Ke6 42. Ke4 f6 43. gxf6 Kxf6 44. Kd4 h5 45. Kxc4 g5 46. Kd5 Kf5
47. c4 Kf6 48. Kd6 h4 49. c5 g4 50. c6 g3 51. hxg3 h3 52. c7 h2 53. c8=Q h1=Q
54. Qe6+ Kg5 55. Qe5+ Kg4 56. Qf4+ Kh3 57. Qh4+ Kg2 58. Qxh1+ Kxh1 59. g4 Kg2
60. g5 Kg3 61. g6 {Black resigns} 1-0

[Event "Team 45 45 League T35"]
[Site "Internet Chess Club"]
[Date "2007.11.06"]
[Round "3"]
[White "Gregorio"]
[Black "SuperPeon"]
[Result "0-1"]
[WhiteElo "1990"]
[BlackElo "2049"]
[Opening "Pirc defense"]
[ECO "B07"]
[Time "23:38:33"]
[TimeControl "2700+45"]

1. e4 d6 2. d4 Nf6 3. Nc3 g6 4. f3 c6 5. Be3 b5 6. Qd2 b4 7. Nd1 a5 8. Ne2 Ba6
9. Bh6 Bxh6 10. Qxh6 Nbd7 11. Nf2 c5 12. Nd3 Rc8 13. dxc5 Nxc5 14. Nxc5 Rxc5 15.
Qd2 Qc7 16. Rc1 O-O 17. Ng3 Bxf1 18. Rxf1 d5 19. exd5 Qe5+ 20. Kf2 Qxb2 21. Ne4
Nxe4+ 22. fxe4 Rfc8 23. Kg1 Rxc2 24. Rxc2 Rxc2 25. Qg5 Qd4+ 26. Kh1 Qxe4 27. h3
h6 28. Qg3 Qxd5 29. Qg4 h5 30. Qg3 Rxa2 31. Re1 e6 {White resigns} 0-1

[Event "Team 45 45 League T35"]
[Site "Internet Chess Club"]
[Date "2007.11.03"]
[Round "3"]
[White "chsrules88"]
[Black "Folgers"]
[Result "1/2-1/2"]
[WhiteElo "2064"]
[BlackElo "2063"]
[Opening "KP: Nimzovich defense"]
[ECO "B00"]
[Time "13:00:31"]
[TimeControl "2700+45"]

1. e4 Nc6 2. d4 e5 3. d5 Nce7 4. Nf3 Ng6 5. Bd3 Bb4+ 6. c3 Bc5 7. O-O d6 8. Bb5+
Bd7 9. Qa4 N8e7 10. Bxd7+ Qxd7 11. Qxd7+ Kxd7 12. b4 Bb6 13. Na3 h6 14. Nc4 c6
15. dxc6+ Kxc6 16. a4 a6 17. Rd1 Rhd8 18. b5+ Kc7 19. Nxb6 Kxb6 20. Be3+ Kc7 21.
a5 Nc8 22. c4 Kd7 23. bxa6 Rxa6 24. Rdb1 Kc6 25. Rb5 Nge7 26. Rab1 Rd7 27. Ne1
b6 28. Bxb6 Nxb6 29. axb6 Kb7 30. Nc2 Nc6 31. Ne3 Nd4 32. R5b2 Rd8 33. Nd5 Ra4
34. f3 Rda8 35. Nc7 R8a5 36. Ne8 f6 37. Nxd6+ Kb8 38. Rc1 Ra1 39. Rxa1 Rxa1+ 40.
Kf2 Rc1 41. Rb4 Rc2+ 42. Kg3 h5 43. Ra4 Rb2 44. c5 g5 45. h3 Ne2+ 46. Kh2 Nd4
47. Ra7 Nxf3+ 48. Kg3 Ne1 49. Rb7+ {Game drawn by mutual agreement} 1/2-1/2

[Event "Team 45 45 League T35"]
[Site "Internet Chess Club"]
[Date "2007.11.03"]
[Round "3"]
[White "Changuito-77"]
[Black "upturnedcircle"]
[Result "1-0"]
[WhiteElo "1810"]
[BlackElo "1852"]
[Opening "French: advance, Euwe variation"]
[ECO "C02"]
[Time "19:26:34"]
[TimeControl "2700+45"]

1. e4 e6 2. d4 d5 3. e5 c5 4. c3 Nc6 5. Nf3 Bd7 6. a3 Nge7 7. Bd3 cxd4 8. cxd4
Nf5 9. Bxf5 exf5 10. Qb3 Be7 11. Qxb7 Rb8 12. Qa6 g5 13. Qd3 g4 14. Ng1 Qb6 15.
Ne2 Na5 16. b4 Nc4 17. Nbc3 Be6 18. O-O a5 19. b5 h5 20. Nf4 Rd8 21. g3 h4 22.
Kg2 hxg3 23. hxg3 Qb7 24. Nxe6 fxe6 25. Bf4 Kf7 26. Rh1 Kg6 27. a4 Qb6 28. Rhc1
Qb7 29. Nd1 Ba3 30. Rxa3 Qh7 31. Kf1 Nxa3 32. Qxa3 Qh1+ 33. Ke2 {Black resigns}
1-0

[Event "Team 45 45 League T35"]
[Site "Internet Chess Club"]
[Date "2007.11.06"]
[Round "3"]
[White "gracey"]
[Black "alegro"]
[Result "1/2-1/2"]
[WhiteElo "2119"]
[BlackElo "2147"]
[Opening "French: advance, Paulsen attack"]
[ECO "C02"]
[Time "17:19:36"]
[TimeControl "2700+45"]

1. e4 e6 2. d4 d5 3. e5 c5 4. c3 Nc6 5. Nf3 Qb6 6. a3 Bd7 7. b4 cxd4 8. cxd4 a6
9. Nc3 f6 10. Qd3 Rc8 11. b5 Na5 12. exf6 Nxf6 13. bxa6 bxa6 14. Bd2 Nc4 15. Qb1
Qc7 16. Bxc4 Qxc4 17. Qb6 Rc6 18. Qb8+ Rc8 19. Qb6 {Game drawn by mutual
agreement} 1/2-1/2

[Event "Team 45 45 League T35"]
[Site "Internet Chess Club"]
[Date "2007.11.04"]
[Round "3"]
[White "SONIA"]
[Black "Boromir"]
[Result "1-0"]
[WhiteElo "1978"]
[BlackElo "1972"]
[Opening "Caro-Kann: advance variation"]
[ECO "B12"]
[Time "14:03:17"]
[TimeControl "2700+45"]

1. e4 c6 2. d4 d5 3. e5 c5 4. dxc5 e6 5. Nf3 Nc6 6. Bf4 Bxc5 7. c3 Nge7 8. Bd3
Ng6 9. Bg3 f5 10. exf6 Qxf6 11. O-O O-O 12. Qc2 Bd7 13. h4 e5 14. Bxg6 hxg6 15.
Nbd2 Bg4 16. b4 Bd6 17. b5 Ne7 18. Rae1 Bf5 19. Qb3 Bd3 20. Nxe5 Bxe5 21. Bxe5
Qf5 22. Bg3 Bxf1 23. Rxe7 Bd3 24. Rxb7 Qe6 25. Nf3 Bc4 26. Qa3 Qf5 27. Ng5 Rfe8
28. Kh2 Qb1 29. Qd6 Re1 30. Be5 Rh1+ 31. Kg3 Qd3+ 32. f3 Qd1 33. Rxg7+ Kh8 34.
Rxa7+ Kg8 35. Rxa8# {Black checkmated} 1-0

[Event "Team 45 45 League T35"]
[Site "Internet Chess Club"]
[Date "2007.11.04"]
[Round "3"]
[White "MrShaw"]
[Black "ARMAND01968"]
[Result "0-1"]
[WhiteElo "1861"]
[BlackElo "1803"]
[Opening "Sicilian: Taimanov variation"]
[ECO "B46"]
[Time "13:04:01"]
[TimeControl "2700+45"]

1. e4 c5 2. Nf3 e6 3. d4 cxd4 4. Nxd4 a6 5. Nc3 Nc6 6. Bc4 Be7 7. O-O Nf6 8.
Nxc6 dxc6 9. Qe2 O-O 10. Bf4 b5 11. Rad1 Qb6 12. Bd3 Bb7 13. Bg5 Qc7 14. f4 Bc5+
15. Kh1 Nd7 16. e5 h6 17. Qe4 g6 18. Bxh6 Rfe8 19. Qf3 Bf8 20. Bxf8 Kxf8 21. Be4
Nc5 22. b4 Nxe4 23. Nxe4 c5 24. bxc5 Bxe4 25. Qxe4 Qxc5 26. Rd7 Rad8 27. Rfd1
Rxd7 28. Rxd7 Qf2 29. h3 Kg7 30. a4 bxa4 31. Qxa4 g5 32. Qxa6 g4 33. hxg4 Rh8#
{White checkmated} 0-1

[Event "Team 45 45 League T35"]
[Site "Internet Chess Club"]
[Date "2007.11.02"]
[Round "3"]
[White "andrew28"]
[Black "JeCrainsDegun"]
[Result "1-0"]
[WhiteElo "1792"]
[BlackElo "1703"]
[Opening "Four knights: Italian variation"]
[ECO "C47"]
[Time "14:03:14"]
[TimeControl "2700+45"]

1. e4 e5 2. Nf3 Nc6 3. Nc3 Nf6 4. Bc4 Nxe4 5. Nxe4 d5 6. Bxd5 Qxd5 7. Nc3 Qd8 8.
d3 h6 9. h3 Bc5 10. O-O O-O 11. Ne4 Be7 12. c3 f5 13. Ng3 Be6 14. Qe2 Bf6 15. d4
e4 16. Rd1 Bd7 17. Nh2 Qe7 18. Nh5 Be8 19. Nf4 Bf7 20. Nf1 Rad8 21. Ne3 g6 22.
b4 Bg5 23. Nf1 Qd6 24. g3 Ne5 25. h4 Bc4 26. dxe5 Bxe2 27. Rxd6 Bxf4 28. Rxd8
{Black resigns} 1-0

[Event "Team 45 45 League T35"]
[Site "Internet Chess Club"]
[Date "2007.11.03"]
[Round "3"]
[White "nathesh"]
[Black "oldsj"]
[Result "0-1"]
[WhiteElo "1435"]
[BlackElo "1572"]
[Opening "Giuoco Pianissimo: Italian four knights variation"]
[ECO "C50"]
[Time "20:01:47"]
[TimeControl "2700+45"]

1. e4 e5 2. Nf3 Nc6 3. Bc4 Bc5 4. Nc3 Nf6 5. d3 h6 6. Be3 Bxe3 7. fxe3 O-O 8. d4
d6 9. h3 Re8 10. Qd3 Na5 11. Bb3 Nxb3 12. axb3 a6 13. O-O Bd7 14. Nh4 exd4 15.
exd4 Nxe4 16. Nxe4 Qxh4 17. Qf3 Be6 18. c4 f5 19. Ng3 Rf8 20. d5 Bd7 21. b4 Rae8
22. b3 Qg5 23. c5 Re3 24. Qd1 Rxg3 25. cxd6 Rxg2+ 26. Kh1 Qg3 {White resigns}
0-1

[Event "Team 45 45 League T35"]
[Site "Internet Chess Club"]
[Date "2007.11.04"]
[Round "3"]
[White "EyeAm"]
[Black "sra66"]
[Result "0-1"]
[WhiteElo "1382"]
[BlackElo "1432"]
[Opening "Giuoco Piano: close variation"]
[ECO "C53"]
[Time "15:17:35"]
[TimeControl "2700+45"]

1. e4 e5 2. Nf3 Nc6 3. Bc4 Bc5 4. c3 Qe7 5. O-O d6 6. b4 Bb6 7. a4 a6 8. d3 Nf6
9. Bg5 O-O 10. Nbd2 h6 11. Be3 Bg4 12. Bxb6 cxb6 13. Bb3 Rfd8 14. h3 Be6 15. Re1
Rac8 16. c4 Nxb4 17. Qb1 Qc7 18. Rc1 Qc5 19. Bd1 g5 20. Nb3 Qc6 21. a5 g4 22.
hxg4 Bxg4 23. Nxe5 dxe5 24. f3 Nxd3 25. Rc3 Nc5 26. fxg4 Nfxe4 27. Re3 Nxb3 28.
Qxb3 Nd2 29. Qxb6 Qxc4 30. Be2 Qc2 31. Qxh6 Qb2 32. Qg5+ Kf8 33. Qh6+ Ke7 34.
Qg5+ f6 35. Qg7+ Ke6 36. Re1 Rc1 {White forfeits on time} 0-1

[Event "Team 45 45 League T35"]
[Site "Internet Chess Club"]
[Date "2007.11.03"]
[Round "3"]
[White "slakkjaw"]
[Black "chess-buddy"]
[Result "0-1"]
[WhiteElo "1224"]
[BlackElo "1361"]
[Opening "Sicilian"]
[ECO "B50"]
[Time "16:15:54"]
[TimeControl "2700+45"]

1. e4 c5 2. Nf3 d6 3. c3 Nf6 4. d3 Nc6 5. Na3 a6 6. Be2 Bg4 7. O-O e6 8. Nc2 Be7
9. Be3 Qd7 10. Rb1 h6 11. a3 e5 12. b4 b6 13. b5 axb5 14. Rxb5 Nd4 15. Rxb6
Nxe2+ 16. Qxe2 O-O 17. Qd2 Bxf3 18. gxf3 Qh3 19. Qc1 Qxf3 20. Ne1 Qh3 21. Rb2
Ng4 22. f3 Nxe3 23. Qxe3 Bg5 24. Qf2 Rxa3 25. Rc2 Ra1 26. Qg3 Qe6 27. Kh1 Qb3
28. Rg2 Qxc3 29. h4 Bf6 30. Rfg1 Rxe1 31. Rxe1 Kh7 32. f4 exf4 33. Qf2 Bd4 34.
Qf1 f3 35. Rg4 f2 36. Re2 Qxd3 37. Rxf2 Bxf2 38. Qxf2 Qd1+ 39. Kg2 Qxg4+ {White
resigns} 0-1

[Event "Team 45 45 League T35"]
[Site "Internet Chess Club"]
[Date "2007.11.04"]
[Round "3"]
[White "MeansToAnEnd"]
[Black "JoshK"]
[Result "0-1"]
[WhiteElo "884"]
[BlackElo "1190"]
[Opening "QGD Slav: 3.Nf3"]
[ECO "D11"]
[Time "16:02:39"]
[TimeControl "2700+45"]

1. d4 d5 2. c4 c6 3. Nf3 Nf6 4. Bf4 dxc4 5. Qa4 b5 6. Qc2 g6 7. Ne5 Qxd4 8. Nc3
Qxf4 9. Nf3 b4 10. Na4 Bf5 11. Qd2 Qxd2+ 12. Nxd2 Bg7 13. Nxc4 O-O 14. e3 Nbd7
15. Rc1 Rac8 16. Na5 c5 17. Nb3 Rfd8 18. Bc4 Nb6 19. Ba6 Nxa4 20. Bxc8 Rxc8 21.
O-O c4 22. Nd4 Bd7 23. Rfd1 Nxb2 24. Rd2 c3 25. Rdc2 Nd5 26. a3 bxa3 27. e4 Nb4
28. Rxc3 Rxc3 29. Rxc3 Bxd4 30. Rc4 Nxc4 {White resigns} 0-1

[Event "Team 45 45 League T35"]
[Site "Internet Chess Club"]
[Date "2007.11.01"]
[Round "3"]
[White "Zyme"]
[Black "scottrugby"]
[Result "1/2-1/2"]
[WhiteElo "1429"]
[BlackElo "1496"]
[Opening "Nimzo-Indian: classical, Milner-Barry (Zurich) variation"]
[ECO "E33"]
[Time "19:00:32"]
[TimeControl "2700+45"]

1. d4 Nf6 2. c4 e6 3. Nc3 Bb4 4. Qc2 Nc6 5. Nf3 d6 6. Bd2 O-O 7. a3 Bxc3 8. Bxc3
Qe7 9. e3 a5 10. Bd3 e5 11. dxe5 dxe5 12. Nd2 h6 13. O-O Bd7 14. Rad1 Nd8 15.
Ne4 Nxe4 16. Bxe4 Bc6 17. Bd3 e4 18. Be2 Ne6 19. Rd2 Rfd8 20. Rfd1 b6 21. Bg4
Rxd2 22. Rxd2 f5 23. Bxf5 Nc5 24. Bg4 Qe8 25. b3 h5 26. Be2 Rd8 27. Rxd8 Qxd8
28. Bxh5 Qd3 29. Qxd3 exd3 30. Bg6 Be4 31. Bh5 Nxb3 32. Kf1 g6 33. Bd1 a4 34. f3
Bf5 35. Kf2 Be6 36. e4 Bxc4 37. Ke3 c5 38. Kf4 Kf7 39. Kg5 b5 40. h4 Nc1 41. g4
Bb3 42. h5 gxh5 43. gxh5 Bxd1 44. h6 Na2 45. Be5 Bxf3 46. h7 d2 47. h8=Q d1=Q
48. Qf6+ Ke8 49. Qe6+ Kd8 50. Bf6+ Kc7 51. Be5+ Kd8 52. Bf6+ Kc7 53. Be5+ Kd8
{Game drawn by repetition} 1/2-1/2

[Event "Team 45 45 League T35"]
[Site "Internet Chess Club"]
[Date "2007.11.04"]
[Round "3"]
[White "supraholic"]
[Black "archae13"]
[Result "1/2-1/2"]
[WhiteElo "1270"]
[BlackElo "1280"]
[Opening "Pirc defense"]
[ECO "B07"]
[Time "23:02:50"]
[TimeControl "2700+45"]

1. e4 d6 2. d4 Nf6 3. e5 dxe5 4. Nf3 Nbd7 5. d5 g6 6. Bb5 Bg7 7. O-O a6 8. Bxd7+
Nxd7 9. Re1 O-O 10. Bg5 h6 11. Bh4 c6 12. c4 e4 13. Rxe4 g5 14. Bg3 Bxb2 15.
Nbd2 Bxa1 16. Qxa1 Nc5 17. Re5 f6 18. Re3 cxd5 19. cxd5 Qxd5 20. Rxe7 Ne6 21.
Nf1 Qd8 22. Rxe6 Bxe6 23. Qb1 b5 24. Qg6+ Kh8 25. Qxh6+ Kg8 26. Qg6+ Kh8 27.
Qh6+ {Game drawn by mutual agreement} 1/2-1/2

[Event "Team 45 45 League T35"]
[Site "Internet Chess Club"]
[Date "2007.11.04"]
[Round "3"]
[White "rshea11"]
[Black "CLEAN"]
[Result "1-0"]
[WhiteElo "1244"]
[BlackElo "1321"]
[Opening "QGD: 4.Bg5 Be7"]
[ECO "D53"]
[Time "20:58:39"]
[TimeControl "2700+45"]

1. d4 Nf6 2. c4 d5 3. Nc3 e6 4. Bg5 Be7 5. Nf3 Nc6 6. e3 Ne4 7. Bf4 O-O 8. Qc2
Nb4 9. Qb3 b6 10. a3 Nc6 11. cxd5 Na5 12. Qa2 exd5 13. Nxd5 Be6 14. Nxe7+ Qxe7
15. Qb1 Nb3 16. Qxe4 Nxa1 17. Bd3 g6 18. Bh6 Rfe8 19. Qe5 f6 20. Qg3 c5 21. O-O
Nb3 22. Nh4 g5 23. Nf5 Bxf5 24. Bxf5 cxd4 25. e4 Nd2 26. Re1 Rac8 27. Bxc8 Nxe4
28. Qb3+ Qf7 29. Qxf7+ Kxf7 30. Bf5 Nd6 31. Rxe8 Nxe8 32. Bxh7 Nd6 33. f4 f5 34.
fxg5 d3 35. g6+ Kf6 36. g7 d2 37. Bxd2 Kxg7 38. Bf4 Kxh7 39. Bxd6 Kg6 40. Kf2
Kf6 41. Kf3 Ke6 42. Bb4 a5 43. Bc3 a4 44. Kf4 Kd5 45. Kxf5 Kc4 46. g4 b5 47. g5
b4 48. Bxb4 Kb3 49. g6 {Black resigns} 1-0

[Event "Team 45 45 League T35"]
[Site "Internet Chess Club"]
[Date "2007.11.02"]
[Round "3"]
[White "CoasterBrake"]
[Black "kabubi"]
[Result "0-1"]
[WhiteElo "1076"]
[BlackElo "1268"]
[Opening "English: four knights system"]
[ECO "A28"]
[Time "12:00:36"]
[TimeControl "2700+45"]

1. c4 e5 2. Nc3 Nc6 3. Nf3 Nf6 4. d4 exd4 5. Nxd4 Bb4 6. Nxc6 dxc6 7. Qxd8+ Kxd8
8. Bf4 Ne4 9. O-O-O+ Nd6 10. Ne4 Ke7 11. Nxd6 cxd6 12. e4 Be6 13. Be2 Rad8 14.
Bd2 Bc5 15. f3 Rhe8 16. Bc3 Kf8 17. Bd4 Bxd4 18. Rxd4 a6 19. b3 b5 20. Rhd1 Ke7
21. R4d2 Rd7 22. Bd3 Red8 23. e5 dxe5 24. Bxh7 g6 25. Rxd7+ Rxd7 26. h4 Rxd1+
27. Kxd1 Kf8 28. cxb5 cxb5 29. h5 Kg7 30. hxg6 fxg6 31. Bxg6 Kxg6 32. Kd2 Kg5
33. Ke3 b4 34. Ke4 Bf5+ 35. Kxe5 Bb1 36. f4+ Kg4 37. f5 Kg5 38. f6 Kg6 39. Ke6
Bxa2 40. Ke7 Bxb3 41. g4 Bc4 42. g5 b3 43. f7 Bxf7 {White resigns} 0-1

[Event "Team 45 45 League T35"]
[Site "Internet Chess Club"]
[Date "2007.11.04"]
[Round "3"]
[White "touchthis"]
[Black "Qualm"]
[Result "1/2-1/2"]
[WhiteElo "1701"]
[BlackElo "1580"]
[Opening "Robatsch defense: Pseudo-Austrian attack"]
[ECO "B07"]
[Time "14:01:59"]
[TimeControl "2700+45"]

1. e4 d6 2. d4 g6 3. Nc3 Bg7 4. f4 Nd7 5. Nf3 c5 6. Be3 cxd4 7. Bxd4 Ngf6 8. Bd3
O-O 9. O-O Nc5 10. Qd2 Nxd3 11. cxd3 Bg4 12. h3 Be6 13. Ne1 Bd7 14. Nc2 Bc6 15.
Nb4 Bd7 16. Rac1 Qa5 17. a3 e5 18. fxe5 dxe5 19. Be3 Be6 20. Bh6 Nh5 21. Bxg7
Kxg7 22. Qe3 Nf4 23. Ne2 Nxe2+ 24. Qxe2 Rac8 25. Qe3 Qb6 26. Qxb6 axb6 27. Rxc8
Rxc8 28. Rf2 Bb3 29. Rd2 Rc1+ 30. Kf2 {Game drawn by mutual agreement} 1/2-1/2

[Event "Team 45 45 League T35"]
[Site "Internet Chess Club"]
[Date "2007.11.01"]
[Round "3"]
[White "budugu"]
[Black "crazynights"]
[Result "0-1"]
[WhiteElo "1472"]
[BlackElo "1619"]
[Opening "Ruy Lopez: closed, Breyer, Borisenko variation"]
[ECO "C95"]
[Time "13:36:08"]
[TimeControl "2700+45"]

1. e4 e5 2. Nf3 Nc6 3. Bb5 a6 4. Ba4 Nf6 5. O-O b5 6. Bb3 Be7 7. Re1 d6 8. h3
O-O 9. c3 Nb8 10. d4 Nbd7 11. Nbd2 Bb7 12. Bc2 Re8 13. Nf1 c5 14. d5 c4 15. Ng3
g6 16. Bh6 Bf8 17. Qd2 Qe7 18. Nh2 Nc5 19. f4 Bxh6 {White resigns} 0-1

[Event "Team 45 45 League T35"]
[Site "Internet Chess Club"]
[Date "2007.11.04"]
[Round "3"]
[White "Invicta-Knight"]
[Black "civilization"]
[Result "1/2-1/2"]
[WhiteElo "1570"]
[BlackElo "1477"]
[Opening "Sicilian: closed"]
[ECO "B23"]
[Time "12:01:38"]
[TimeControl "2700+45"]

1. e4 c5 2. Nc3 e6 3. f4 d5 4. e5 Nc6 5. Nf3 Nge7 6. Nb5 Ng6 7. d4 a6 8. Nc3 c4
9. a3 b5 10. Bd2 Bd7 11. Ne2 Nh4 12. Nxh4 Qxh4+ 13. g3 Qd8 14. b4 Qb6 15. c3 Be7
16. Bg2 a5 17. Be3 Ra7 18. h4 axb4 19. axb4 Kd8 20. Kd2 Kc7 21. f5 Rha8 22.
Rxa7+ Rxa7 23. fxe6 fxe6 24. Nf4 Ra2+ 25. Ke1 Qa6 26. Ne2 Qa3 27. Bc1 Qb3 28.
Rf1 Be8 29. Bf3 Bg6 30. Kf2 Qxc3 31. Kg1 Qxb4 32. Nf4 Kd7 33. Bg4 Nd8 34. Nxd5
Qb3 35. Qxb3 cxb3 36. Nc3 Ra1 37. Bb2 Rxf1+ 38. Kxf1 b4 39. Nd5 Be4 40. Nb6+ Kc7
41. Nc4 Nc6 42. Bd1 Bc2 43. Be2 g6 44. Ne3 Na5 45. Nc4 Nc6 46. Ke1 Bf8 47. g4
Be7 48. g5 Bf8 49. Bc1 Nxd4 50. Bg4 Nf5 51. Bxf5 Bxf5 52. Kd2 h6 53. Ke3 hxg5
54. hxg5 Be7 55. Kd4 Bc2 56. Ne3 Bxg5 57. Nd5+ exd5 58. Bxg5 Kd7 59. Bc1 Ke6 60.
Bb2 g5 61. Kc5 g4 62. Kxb4 g3 63. Ka3 g2 64. Bd4 g1=Q 65. Bxg1 Kxe5 66. Kb2 d4
67. Bh2+ Ke4 68. Kc1 d3 69. Bd6 Ke3 70. Bb4 Kd4 71. Bd2 Kc4 72. Ba5 Kb5 73. Bc3
Ka4 74. Bb2 Kb4 75. Kd2 Kc4 76. Kc1 Kd5 77. Bc3 Ke4 78. Bd2 Kf3 79. Bc3 Kf2 80.
Ba5 Ke2 81. Bc3 Ke3 82. Bd2+ Kf3 83. Bc3 Kg2 84. Be1 Kf1 85. Bc3 Ke2 86. Bb4 Bd1
87. Bc3 Bc2 88. Bb4 Kf3 89. Bc3 Ke4 90. Bb2 Kd5 91. Bc3 Kc4 92. Kb2 Kb5 93. Bd2
Ka4 94. Bc3 Kb5 95. Bd2 Kc4 96. Bc3 Kd5 97. Bd2 Ke4 98. Kc1 Kf3 99. Bc3 Kf2 100.
Bd2 Ke2 101. Bc3 Bb1 102. Kxb1 Kd1 103. Kb2 Ke2 104. Kxb3 d2 105. Bxd2 {Game
drawn because neither player has mating material} 1/2-1/2

[Event "Team 45 45 League T35"]
[Site "Internet Chess Club"]
[Date "2007.10.31"]
[Round "3"]
[White "Vynaris"]
[Black "Relapse"]
[Result "1-0"]
[WhiteElo "1485"]
[BlackElo "1613"]
[Opening "QGA: 3.e4"]
[ECO "D20"]
[Time "20:00:42"]
[TimeControl "2700+45"]

1. d4 d5 2. c4 dxc4 3. e4 e5 4. d5 b5 5. a4 Bd7 6. axb5 Bxb5 7. Qc2 c6 8. Nc3
Bb4 9. Ne2 cxd5 10. Bd2 Bc6 11. exd5 Bxc3 12. Nxc3 Bxd5 13. Nxd5 Qxd5 14. Bxc4
Qxg2 15. Bb5+ Nd7 16. Bc6 Rc8 17. Bxd7+ Kxd7 18. Rxa7+ Kd8 19. Ba5+ {Black
resigns} 1-0

[Event "Team 45 45 League T35"]
[Site "Internet Chess Club"]
[Date "2007.11.02"]
[Round "3"]
[White "Okgah"]
[Black "vaknight"]
[Result "1-0"]
[WhiteElo "1698"]
[BlackElo "1553"]
[Opening "Dutch defense"]
[ECO "A84"]
[Time "23:33:55"]
[TimeControl "2700+45"]

1. c4 f5 2. d4 Nf6 3. Nf3 e6 4. Nc3 Be7 5. e3 O-O 6. Be2 c6 7. O-O d5 8. Qc2 Qe8
9. b3 Bd6 10. a4 Qe7 11. a5 Nbd7 12. Bb2 Ne4 13. Rfd1 Rf7 14. a6 g5 15. c5 Bc7
16. axb7 Bxb7 17. Nd2 Ndf6 18. b4 g4 19. b5 Nxc3 20. Bxc3 Rg7 21. Rdb1 Nh5 22.
bxc6 Bxc6 23. Ra6 Bd7 24. Ba5 Bc8 25. Bxc7 Bxa6 26. Bd6 Bxe2 27. Bxe7 Rxe7 28.
Qa4 Rc8 29. Re1 Bd3 30. Qb3 Ba6 31. Rb1 Rec7 32. Qa4 Bd3 33. Rb4 a6 34. Rb6 Kf7
35. Qb3 Bb5 36. Nb1 Nf6 37. Na3 Bc4 38. Nxc4 dxc4 39. Qxc4 Nd5 40. Rxa6 Rb8 41.
Qa2 Nc3 42. Qxe6+ {Black resigns} 1-0

[Event "Team 45 45 League T35"]
[Site "Internet Chess Club"]
[Date "2007.11.04"]
[Round "3"]
[White "nursey"]
[Black "houseofcook"]
[Result "1-0"]
[WhiteElo "1735"]
[BlackElo "1407"]
[Opening "French: Burn variation"]
[ECO "C11"]
[Time "14:05:54"]
[TimeControl "2700+45"]

1. e4 e6 2. d4 d5 3. Nc3 Nf6 4. Bg5 dxe4 5. Nxe4 Be7 6. Nxf6+ Bxf6 7. Bxf6 Qxf6
8. c4 O-O 9. Nf3 Nd7 10. Be2 c5 11. O-O b6 12. b3 Rd8 13. Re1 Bb7 14. Qd3 cxd4
15. Qxd4 Rac8 16. Rad1 Qe7 17. Qe3 Nf6 18. Ne5 Rxd1 19. Rxd1 Rd8 20. Rxd8+ Qxd8
21. Bf3 Ne4 22. g3 Nd6 23. Bxb7 Nxb7 24. f4 Nc5 25. Kf2 f6 26. Nc6 Qd7 27. Nd4
Qc6 28. Nxc6 {Black resigns} 1-0

[Event "Team 45 45 League T35"]
[Site "Internet Chess Club"]
[Date "2007.11.04"]
[Round "3"]
[White "crag"]
[Black "rayonline53"]
[Result "1-0"]
[WhiteElo "1337"]
[BlackElo "1587"]
[Opening "Caro-Kann: exchange variation"]
[ECO "B13"]
[Time "13:01:04"]
[TimeControl "2700+45"]

1. e4 c6 2. d4 d5 3. exd5 cxd5 4. Nf3 Nf6 5. Bb5+ Bd7 6. Bxd7+ Nbxd7 7. O-O e6
8. Nc3 Be7 9. Bf4 O-O 10. Qd2 Rc8 11. Rad1 Qa5 12. a3 Rc4 13. Rfe1 Rfc8 14. Bg5
Qd8 15. Re2 a6 16. Re3 b5 17. Rd3 b4 18. axb4 Bxb4 19. Ne5 Bxc3 20. bxc3 Ra4 21.
Nxd7 Qxd7 22. Bxf6 gxf6 23. Rg3+ Kh8 24. Qh6 {Black resigns} 1-0

[Event "Team 45 45 League T35"]
[Site "Internet Chess Club"]
[Date "2007.11.04"]
[Round "3"]
[White "SeniorCitizen"]
[Black "Rubacchus"]
[Result "0-1"]
[WhiteElo "1259"]
[BlackElo "1361"]
[Opening "Petrov three knights game"]
[ECO "C42"]
[Time "11:01:35"]
[TimeControl "2700+45"]

1. e4 e5 2. Nf3 Nf6 3. Nc3 d6 4. d3 Be7 5. Be2 O-O 6. O-O c5 7. Bg5 Nc6 8. Bxf6
Bxf6 9. Nd5 b5 10. Qd2 a5 11. d4 c4 12. c3 h6 13. Nxf6+ Qxf6 14. dxe5 dxe5 15.
Rfe1 Bb7 16. Bf1 Rfd8 17. Qe3 Ne7 18. Qc5 Qf4 19. Qxe5 Qxe5 20. Nxe5 f5 21. exf5
Nxf5 22. Nf3 Rd6 23. Re5 Bxf3 24. Rxf5 Bc6 25. Re5 Kf7 26. Rae1 Kf6 27. g3 Rad8
28. Bg2 Bd5 29. Bxd5 Rxd5 30. Rxd5 Rxd5 31. Re2 Kf5 32. f3 g5 33. Kg2 h5 34. h3
Rd1 35. g4+ hxg4 36. hxg4+ Kf6 37. Kf2 b4 38. Ke3 Rd3+ 39. Ke4 bxc3 40. bxc3
Rxc3 41. Kd4 Rxf3 42. Kxc4 Rf4+ 43. Kd3 Rxg4 44. Rf2+ Rf4 45. Rxf4+ gxf4 46. Ke4
Kg5 47. Kf3 Kf5 48. Kf2 Ke4 49. Kf1 Kf3 50. Ke1 Kg2 {White resigns} 0-1

[Event "Team 45 45 League T35"]
[Site "Internet Chess Club"]
[Date "2007.11.05"]
[Round "3"]
[White "ADIOKiddo4Ever"]
[Black "Mutaant"]
[Result "0-1"]
[WhiteElo "1437"]
[BlackElo "1441"]
[Opening "Vienna game"]
[ECO "C25"]
[Time "22:35:07"]
[TimeControl "2700+45"]

1. e4 e5 2. Nc3 Bc5 3. g3 Nc6 4. Bg2 Qf6 5. Nf3 Nge7 6. O-O O-O 7. d3 h6 8. Na4
Bb4 9. a3 Bd6 10. Be3 Ng6 11. Nc3 b6 12. Nd5 Qd8 13. Nd2 Bb7 14. f4 exf4 15.
Nxf4 Nxf4 16. Bxf4 Bc5+ 17. Kh1 Nd4 18. c3 Ne6 19. Nb3 Be7 20. Be3 Bg5 21. Qe2
Rb8 22. Nd4 c5 23. Nxe6 dxe6 24. Bf4 Ba6 25. c4 Rb7 26. e5 Rd7 27. Rad1 Rd4 28.
b3 Bxf4 29. Rxf4 Rxf4 30. gxf4 Qd4 31. Qe4 Rd8 32. Qxd4 Rxd4 33. Be4 f5 34. Bc6
Rxf4 35. Kg2 Rd4 36. h3 Kf7 37. Kg3 g5 38. Bf3 Kg6 39. Be2 Bb7 40. b4 cxb4 41.
axb4 b5 42. Ra1 a6 43. Ra5 bxc4 44. dxc4 Re4 45. Ra2 Rxe5 46. c5 Re3+ 47. Kh2
Rb3 48. Bxa6 Rxb4 49. Bxb7 Rxb7 50. Ra6 Kf6 51. Rb6 Rc7 52. c6 Ke5 53. Kg1 Kd6
{White resigns} 0-1